Map: Lightshade LE

Players

Kelazhur

  • Race: Terran Terran

Cham - Winner!

  • Race: Zerg Zerg

Event: DreamHack SC2 Masters 2021 Winter

VOD

Have the link to the VOD?

Description

Time

  • Played on: Oct. 3, 2021, 3:55 p.m.
  • Length: 11:35

All games in this series

Show
View Real Time Build Order
Export as new Build Order

Kelazhur Terran 

Build Orders: Reaper Expand 

Get SALT Encoding   

  12  0:00  SCV  
  13  0:12  SCV  
  14  0:16  Supply Depot  
  14  0:24  SCV  
  15  0:38  SCV  
  15  0:39  Barracks  
  16  0:43  Refinery  
  16  0:50  SCV  
  17  1:02  SCV  
  18  1:14  SCV  
  19  1:26  Reaper, Orbital Command  
  20  1:39  Command Center  
  20  1:50  Supply Depot  
  20  1:53  SCV  
  21  1:58  Barracks Reactor  
  21  2:04  Barracks  
  21  2:07  SCV  
  22  2:12  Refinery  
  22  2:19  SCV  
  23  2:30  Factory  
  23  2:31  SCV  
  23  2:36  Marine x2  
  26  2:43  SCV  
  27  2:51  Barracks Tech Lab, Orbital Command  
  27  2:55  SCV  
  27  2:56  Marine x2  
  30  3:07  SCV  
  30  3:10  Marine  
  30  3:12  Stimpack  
  32  3:13  Marine  
  32  3:14  Marine  
  32  3:18  SCV  
  36  3:20  SCV  
  36  3:24  Starport  
  36  3:27  Factory Reactor  
  36  3:29  Marine  
  36  3:30  SCV  
  36  3:32  SCV  
  39  3:35  Marine x2  
  39  3:39  Supply Depot  
  41  3:43  SCV  
  41  3:44  SCV  
  43  3:48  Marine  
  43  3:53  Marine x2  
  46  3:56  SCV  
  46  4:01  SCV  
  47  4:02  Supply Depot  
  47  4:07  Medivac x2  
  47  4:08  SCV, Marine  
  53  4:12  Marine  
  54  4:19  Supply Depot  
  54  4:24  SCV x2, Marine  
  57  4:32  Command Center  
  57  4:34  Marine x2  
  57  4:36  SCV  
  57  4:37  SCV  
  61  4:44  Marine  
  62  4:47  Widow Mine, Medivac  
  62  4:48  SCV  
  62  4:49  SCV  
  62  4:52  Marine  
  69  4:55  Supply Depot x2  
  69  4:58  Marine  
  69  4:59  Combat Shield  
  70  5:10  Engineering Bay  
  70  5:11  Engineering Bay  
  70  5:16  SCV x2, Marine x2  
  70  5:19  Factory Tech Lab, Starport Reactor  
  70  5:20  Barracks  
  74  5:23  Marine  
  75  5:28  SCV x2  
  75  5:32  Refinery  
  75  5:33  Refinery  
  75  5:35  Marine x2  
  77  5:38  Terran Infantry Weapons Level 1  
  77  5:41  SCV x2  
  77  5:42  Terran Infantry Armor Level 1  
  81  5:47  Orbital Command  
  81  5:55  SCV, Marine  
  81  5:56  Marine  
  77  5:59  Marine  
  77  6:00  SCV  
  70  6:07  SCV  
  70  6:08  Medivac  
  70  6:10  Marine x2, Orbital Command  
  73  6:13  Marine x2  
  73  6:17  Siege Tank, Marine  
  79  6:18  SCV  
  79  6:19  SCV  
  81  6:28  Marine  
  81  6:30  SCV  
  81  6:31  SCV, Marine x3, Armory  
  87  6:36  SCV, Marine  
  89  6:42  SCV  
  89  6:44  SCV, Bunker  
  89  6:46  Supply Depot, Marine  
  92  6:48  SCV  
  92  6:49  Marine  
  92  6:51  Supply Depot x2  
  94  6:55  SCV  
  94  6:57  SCV  
  94  7:00  SCV  
  94  7:01  Marine x3  
  98  7:07  SCV  
  98  7:08  Marine x2  
  103  7:09  SCV  
  103  7:13  SCV  
  105  7:17  Refinery, Sensor Tower  
  105  7:18  Marine  
  105  7:19  SCV  
  105  7:20  Siege Tank, Marine  
  105  7:21  Command Center  
  111  7:24  Marine  
  111  7:26  Marine x2  
  110  7:38  Marine  
  110  7:41  Marine  
  110  7:42  Marauder  
  110  7:44  Marine x2  
  108  7:47  Medivac x2  
  111  7:56  Marine  
  111  7:57  Siege Tank  
  111  7:58  SCV  
  96  7:59  Marine  
  96  8:02  Marine x2  
  96  8:03  Marine  
  78  8:10  SCV  
  74  8:14  Marine  
  74  8:16  Marine  
  75  8:21  Marine x2  
  75  8:24  Marine  
  77  8:27  Orbital Command  
  77  8:32  Marine  
  76  8:35  Siege Tank  
  76  8:37  Orbital Command  
  76  8:38  Marine  
  76  8:40  Marine  
  76  8:41  Marine  
  66  8:42  Marine  
  61  8:50  Marine  
  60  8:56  Marine  
  60  8:59  Marine  
  61  9:04  Marine  
  61  9:05  Marine  
  61  9:09  Liberator x2  
  66  9:10  Marine  
  66  9:11  SCV x3  
  66  9:16  Supply Depot  
  70  9:18  Marine  
  70  9:19  Marine  
  70  9:20  Siege Tank  
  70  9:22  Marine  
  70  9:23  SCV  
  77  9:28  Supply Depot  
  77  9:38  SCV x3, Marine x3  
  83  9:42  Marine  
  82  9:49  Marine  
  82  9:50  SCV  
  83  9:53  SCV, Siege Tank  
  83  9:56  Marine  
  83  9:58  Marine x2  
  79  10:05  Marine  
  70  10:10  Marine  
  71  10:14  Marine  
  71  10:15  Liberator  
  71  10:16  Barracks x2  
  71  10:17  Liberator, Orbital Command  
  71  10:20  Marine  
  79  10:22  Marine  
  79  10:24  Marine  
  79  10:25  Siege Tank  
  79  10:27  Marine  
  85  10:32  Marine  
  86  10:42  Marine  
  86  10:43  Marine x2  
  86  10:45  Marine  
  86  10:49  Marine  
  89  10:57  Siege Tank  
  89  11:00  Marine x3  
  89  11:02  Marine  
  89  11:03  Marine  
  92  11:07  Marine  
  92  11:10  Marine  
Show
View Real Time Build Order
Export as new Build Order

Cham Zerg - Winner!

Build Orders: Hatch First 

Get SALT Encoding   

  12  0:00  Drone  
  13  0:08  Drone  
  14  0:21  Overlord  
  14  0:24  Drone, Extractor  
  15  0:40  Drone  
  16  0:49  Hatchery  
  15  0:55  Drone  
  16  0:59  Drone  
  16  1:01  Drone  
  18  1:16  Spawning Pool  
  18  1:17  Extractor  
  16  1:20  Drone  
  16  1:23  Drone  
  18  1:28  Drone  
  19  1:38  Drone  
  20  1:48  Drone  
  21  2:02  Queen x2  
  21  2:03  Zergling x4  
  27  2:16  Hatchery  
  26  2:25  Overlord  
  26  2:26  Drone  
  26  2:28  Drone  
  27  2:43  Drone, Queen  
  30  2:45  Metabolic Boost  
  30  2:46  Drone  
  31  2:52  Drone x2  
  31  2:56  Overlord  
  31  2:58  Drone  
  34  3:13  Drone  
  34  3:15  Drone x3, Overlord  
  34  3:18  Drone  
  39  3:25  Queen x2  
  43  3:30  Drone  
  43  3:31  Overlord  
  44  3:37  Queen  
  46  3:42  Zergling x4  
  46  3:43  Zergling x2  
  46  3:45  Zergling x2  
  46  3:46  Drone  
  51  3:50  Drone  
  51  3:52  Drone  
  53  3:58  Drone  
  53  3:59  Drone x3  
  53  4:01  Drone  
  58  4:03  Queen  
  58  4:06  Drone x2  
  62  4:12  Drone  
  62  4:14  Queen  
  62  4:16  Overlord  
  65  4:17  Overlord  
  65  4:24  Overlord  
  65  4:28  Drone  
  65  4:29  Overlord  
  66  4:32  Roach Warren  
  66  4:33  Extractor  
  66  4:35  Drone x5  
  69  4:39  Drone x2  
  69  4:43  Queen, Extractor  
  72  4:45  Extractor  
  72  4:51  Zergling x2, Spore Crawler  
  72  4:52  Zergling x4, Spore Crawler  
  72  4:55  Zergling x4  
  72  4:56  Zergling x2  
  72  4:58  Overlord  
  75  5:02  Drone  
  75  5:03  Drone x3  
  79  5:08  Overlord  
  79  5:09  Overlord  
  79  5:12  Lair  
  79  5:14  Drone  
  79  5:18  Drone x2  
  79  5:20  Drone  
  79  5:21  Drone  
  83  5:26  Drone x6  
  89  5:30  Drone  
  89  5:31  Drone  
  91  5:35  Drone  
  91  5:36  Drone  
  91  5:41  Extractor  
  92  5:43  Overlord  
  92  5:44  Roach  
  92  5:47  Roach  
  88  5:58  Hatchery  
  88  6:02  Roach  
  88  6:03  Roach x9  
  99  6:10  Overlord  
  99  6:11  Overseer, Glial Reconstitution  
  97  6:13  Roach  
  97  6:17  Overlord  
  97  6:18  Roach x3  
  105  6:20  Roach  
  105  6:23  Roach  
  109  6:26  Overlord  
  109  6:30  Roach  
  111  6:33  Roach  
  111  6:36  Overlord  
  111  6:39  Overseer, Roach  
  115  6:47  Roach x4  
  115  6:48  Roach  
  125  6:54  Zergling x4, Extractor  
  125  6:57  Zergling x4  
  125  6:58  Ravager x6  
  125  6:59  Roach  
  125  7:00  Roach  
  138  7:04  Roach x2  
  138  7:06  Overlord x2  
  142  7:10  Ravager  
  142  7:12  Roach x2  
  142  7:13  Zergling x2  
  149  7:19  Ravager  
  149  7:20  Roach  
  149  7:21  Zergling x2  
  149  7:22  Overlord  
  152  7:27  Roach  
  152  7:29  Roach x2  
  158  7:34  Roach x3  
  161  7:38  Roach  
  161  7:41  Roach x3  
  161  7:42  Roach  
  165  7:45  Roach  
  165  7:46  Roach  
  165  7:47  Roach  
  171  7:52  Roach  
  171  7:53  Roach x2  
  171  7:58  Roach x3  
  175  8:03  Overlord  
  175  8:04  Overlord x2  
  166  8:11  Evolution Chamber  
  166  8:12  Evolution Chamber  
  162  8:19  Overlord x2  
  156  8:20  Hatchery  
  156  8:21  Roach  
  156  8:24  Roach x2  
  156  8:25  Overseer  
  152  8:31  Roach x4  
  151  8:35  Roach  
  151  8:37  Roach  
  151  8:38  Roach  
  126  8:45  Roach  
  126  8:46  Roach  
  111  8:48  Zerg Ground Armor Level 1  
  111  8:49  Zerg Missile Weapons Level 1  
  111  8:53  Roach x7  
  111  8:54  Roach  
  114  9:05  Tunneling Claws  
  114  9:06  Burrow  
  114  9:07  Drone x2  
  114  9:08  Drone  
  117  9:10  Drone  
  117  9:11  Drone x3  
  117  9:15  Drone  
  122  9:19  Drone x2  
  122  9:20  Drone x3  
  122  9:21  Roach  
  129  9:24  Roach  
  129  9:26  Extractor  
  129  9:27  Roach  
  129  9:28  Roach  
  129  9:30  Extractor  
  133  9:32  Ravager x2  
  133  9:36  Roach x3  
  141  9:46  Ravager  
  141  9:47  Roach  
  141  9:48  Roach x6  
  156  9:57  Roach x5  
  156  9:58  Roach  
  148  10:02  Roach x2  
  148  10:03  Roach  
  135  10:12  Drone  
  134  10:15  Drone x3  
  134  10:16  Infestation Pit  
  136  10:21  Roach  
  136  10:22  Roach x7  
  136  10:28  Drone x3  
  155  10:30  Overlord  
  155  10:31  Roach x2  
  159  10:36  Roach x3  
  159  10:39  Ravager  
  159  10:40  Ravager x3  
  169  10:43  Roach x3  
  169  10:45  Roach x10  
  175  10:50  Roach x2  
  175  10:51  Roach x2  
  175  10:52  Roach x2  
  175  10:53  Roach x5  
  175  10:54  Roach  
  183  11:08  Roach x7  
  183  11:10  Roach x10  

Tags
 
Add a new tag
Caveats
  • Supply blocks, unpowered buildings, or Contaminate may cause inaccurate times.
  • Supply counts are checked every 10 seconds.